 Dungeon Crawl Stone Soup version 0.31.0-11-ge490571c62 (webtiles) character file.

Game seed: 4521135767628094379

128 qw the Skirmisher (level 4, 0/25 HPs)
             Began as a Deep Elf Hunter on Feb 4, 2024.
             Slain by Terence
             ... wielding a +0 flail
              (5 damage)
             ... on level 3 of the Dungeon.
             The game lasted 00:00:07 (1974 turns).

qw the Skirmisher (Deep Elf Hunter)                 Turns: 1974, Time: 00:00:08

Health: 0/25       AC:  4    Str: 10    XL:     4   Next: 86%
Magic:  6/6        EV: 12    Int: 14    God:
Gold:   150        SH:  0    Dex: 18    Spells: 3/3 levels left

rFire   . . .        a - +0 shortbow
rCold   . . .        (shield currently unavailable)
rNeg    . . .        c - +0 leather armour
rPois   .            k - +0 helmet
rElec   .            (no cloak)
rCorr   .            (no gloves)
SInv    +            (no boots)
Will    .....        (no amulet)
Stlth   ++           d - ring of see invisible
HPRegen 0.24/turn    (no ring)
MPRegen 0.10/turn

%: no passive effects
@: about to teleport
A: no striking features
a: no special abilities


You were on level 3 of the Dungeon.
You visited 1 branch of the dungeon, and saw 3 of its levels.

You collected 150 gold pieces.


   Skills:
 - Level 1.5 Fighting
 + Level 8.3 Ranged Weapons
 - Level 2.4 Dodging
 - Level 1.2 Stealth


You had 3 spell levels left.
You didn't know any spells.
Your spell library was empty.

Inventory:

Hand Weapons
 a - a +0 shortbow (weapon)
Armour
 c - a +0 leather armour (worn)
 k - a +0 helmet (worn)
 m - a +0 ring mail
Jewellery
 d - a ring of see invisible (left hand)
Wands
 l - a wand of acid (14)
Scrolls
 b - a scroll of identify
Potions
 e - a potion of enlightenment
 f - 2 potions of might
 h - 2 potions of curing
 i - a potion of resistance
 j - 2 potions of mutation

Dungeon Overview and Level Annotations

Branches:
Dungeon (3/15)

Altars:
Trog

Annotations:
D:3 Terence


Message History

Terence the Incautious comes into view.
He is wielding a +0 flail.
You shoot an arrow. The arrow hits Terence.
Terence is moderately wounded.
You hear an angry hiss.
You shoot an arrow.
The arrow hits Terence but does no damage.
Terence is moderately wounded.
A frilled lizard comes into view.
You shoot an arrow.
The arrow hits Terence but does no damage.
Terence is moderately wounded.
Terence hits you with a +0 flail.
You shoot an arrow. The arrow closely misses Terence.
Terence misses you.
You shoot an arrow.
The arrow hits Terence but does no damage.
Terence is moderately wounded.
Terence hits you with a +0 flail!
You shoot an arrow. The arrow barely misses Terence.
Terence hits you with a +0 flail.
You shoot an arrow. The arrow hits Terence.
Terence is heavily wounded.
Terence misses you.
You shoot an arrow. The arrow closely misses Terence.
Terence hits you with a +0 flail.
You shoot an arrow.
The arrow hits Terence but does no damage.
Terence is heavily wounded.
Terence closely misses you.
You shoot an arrow. The arrow closely misses Terence.
Terence hits you with a +0 flail.
1973 ||| READING scroll of teleportation.
As you read the scroll of teleportation, it crumbles to dust.
You feel strangely unstable. Terence misses you.
You shoot an arrow. The arrow hits Terence.
Terence is severely wounded.
Terence hits you with a +0 flail.
You die...
Terence says, "Time to find some more victims."

##... #.#.... # .......
.# ..#... .. ##....
.############ .....###.#
#.......... #...@l.#
#.##.#.#... #..@#
#.##.#..... #...#
#.##....##. #...#
####.##.##.##. #...#
#.............
#####%..###.#####......#
............# #...##.#
............# #)#.....
............# #....#.#
#####...###.#####..#.#.#


You could see Terence and a frilled lizard.

Vanquished Creatures
  Ijyb (D:3)
  Robin (D:2)
  4 adders
  3 dart slugs (D:1)
  A ribbon worm (D:2)
  3 endoplasms
  3 giant cockroaches
  8 goblins (D:2)
  8 hobgoblins
  2 quokkas
  5 ball pythons
  A bat (D:2)
  2 frilled lizards
  4 kobolds
  2 rats (D:2)
48 creatures vanquished.

Notes
Turn   | Place    | Note
-------+----------+-------------------------------------------
     0 | D:1      | qw the Deep Elf Hunter began the quest for the Orb.
     0 | D:1      | Reached XP level 1. HP: 12/12 MP: 3/3
     0 | D:1      | 0 ||| qw: Version: 0.3-a-160-g6735b56
     0 | D:1      | 0 ||| qw: Game counter: 5547
     0 | D:1      | 0 ||| qw: Melee chars always use a shield: true
     0 | D:1      | 0 ||| qw: God list: Okawaru
     0 | D:1      | 0 ||| qw: Allow faded altars: false
     0 | D:1      | 0 ||| qw: Do Orc after clearing Dungeon:15 true
     0 | D:1      | 0 ||| qw: Do second Lair branch before Depths: true
     0 | D:1      | 0 ||| qw: Lair rune preference: random
     0 | D:1      | 0 ||| qw: Goals: Normal
     0 | D:1      | 0 ||| PLANNING D:1-11
   103 | D:1      | Found a faded altar of an unknown god.
   232 | D:1      | Reached skill level 6 in Ranged Weapons
   232 | D:1      | Reached XP level 2. HP: 16/16 MP: 4/4
   700 | D:1      | 700 ||| READING 2 scrolls labelled JYACAU XEUTT.
   701 | D:1      | 701 ||| READING scroll labelled WYPLYUPUG.
   702 | D:1      | 702 ||| READING scroll labelled FES FEFOL BAH.
   703 | D:1      | 703 ||| DRINKING 2 white potions.
   704 | D:1      | 704 ||| DRINKING 2 bubbling ruby potions.
   743 | D:1      | 743 ||| DRINKING 2 sedimented amethyst potions.
   744 | D:1      | 744 ||| DROPPING scroll of butterflies.
   745 | D:1      | 745 ||| DROPPING scroll of noise.
   746 | D:1      | 746 ||| DROPPING potion of lignification.
   902 | D:2      | Reached XP level 3. HP: 20/20 MP: 5/5
  1011 | D:2      | Reached skill level 7 in Ranged Weapons
  1414 | D:2      | Noticed Robin
  1419 | D:2      | Reached XP level 4. HP: 25/25 MP: 6/6
  1422 | D:2      | Killed Robin
  1683 | D:2      | 1683 ||| UPGRADING to +0 helmet.
  1688 | D:2      | 1688 ||| UPGRADING to ring of see invisible.
  1689 | D:2      | 1689 ||| READING 5 scrolls labelled UHENEITHRUO.
  1689 | D:2      | 1689 ||| IDENTIFYING green potion
  1690 | D:2      | 1690 ||| READING 4 scrolls of identify.
  1690 | D:2      | 1690 ||| IDENTIFYING fuming sapphire potion
  1691 | D:2      | 1691 ||| READING 3 scrolls of identify.
  1691 | D:2      | 1691 ||| IDENTIFYING 2 ruby potions
  1692 | D:2      | 1692 ||| READING 2 scrolls of identify.
  1692 | D:2      | 1692 ||| IDENTIFYING scroll labelled BEANGIA GAEX
  1721 | D:3      | Noticed Ijyb
  1724 | D:3      | Killed Ijyb
  1725 | D:3      | Reached skill level 8 in Ranged Weapons
  1897 | D:3      | Found a bloodstained altar of Trog.
  1962 | D:3      | Noticed Terence
  1972 | D:3      | HP: 5/25 [Terence/+0 flail (6)]
  1973 | D:3      | 1973 ||| READING scroll of teleportation.
  1974 | D:3      | Slain by Terence

Levels and vault maps discovered:
D:1:      saegor_arrival_simple_d, layout_basic,
          shapermc_ecumenical_altar_flowoftime
D:2:      layout_basic, uniq_robin
D:3:      layout_loops_cross, trog_book, chequers_serial_rivers_micro_e,
          kennysheep_flooded_box, uniq_terence, uniq_ijyb

Skill      XL: |  1  2  3  4 |
---------------+-------------+-----
Ranged Weapons | 6 7 8 |  8.3
Fighting       | |  1.5
Dodging        | |  2.4
Stealth        | |  1.2

Action                     |  1- 3 |  4- 6 || total
---------------------------+-------+-------++-------
   Fire: Shortbow          |   128 |    29 ||   157
    Use: Scroll            |     3 |     5 ||     8
         Potion            |     3 |       ||     3
 Armour: Leather armour    |    22 |     6 ||    28
  Dodge: Dodged            |    25 |     5 ||    30

Table legend:
 A = Non-vault XP
 B = Vault XP
 C = Vault XP percentage of total XP
 D = Non-vault monster count
 E = Vault monster count
 F = Vault count percentage of total count
                 A         B        C        D         E       F
            +---------+---------+-------+---------+---------+-------
      Total |     120 |      63 |  34.4 |      40 |       8 |  16.7
            +---------+---------+-------+---------+---------+-------
        D:1 |      33 |       0 |   0.0 |      16 |       0 |   0.0
        D:2 |      71 |      28 |  28.3 |      21 |       7 |  25.0
        D:3 |      16 |      35 |  68.6 |       3 |       1 |  25.0
            +---------+---------+-------+---------+---------+-------
